 Dungeon Crawl Stone Soup version 0.18.1-50-g88ac8fd (webtiles) character file.

422 Gianozzolo the Changer (level 6, 0/46 HPs)
             Began as a Demigod Transmuter on Nov 30, 2017.
             Killed from afar by an orc wizard (8 damage)
             ... with a magic dart
             ... on level 4 of the Dungeon.
             The game lasted 00:08:14 (2949 turns).

Gianozzolo the Changer (Demigod Transmuter)         Turns: 2949, Time: 00:08:15

Health: 0/46       AC:  2    Str: 13    XL:     6   Next: 36%
Magic:  6/11       EV: 20    Int: 21    God:
Gold:   145        SH:  0    Dex: 21    Spells: 2 memorised, 4 levels left

rFire  . . .     SeeInvis .       - Unarmed
rCold  . . .     Gourm    .     (armour currently unavailable)
rNeg   . . .     Faith    .     (shield currently unavailable)
rPois  x         Spirit   .     (helmet currently unavailable)
rElec  .         Dismiss  .     (cloak currently unavailable)
rCorr  .         Reflect  .     (gloves currently unavailable)
SustAt +         Harm     .     (boots currently unavailable)
MR     .....                    (no amulet)
Stlth  ++........               (no ring)
                                (no ring)

@: spider-form, very slightly contaminated, not resistant to hostile
enchantments, unstealthy
A: high mp 1, sustain attributes
a: End Transformation


You were on level 4 of the Dungeon.
You were hungry.
You were a venomous arachnid creature.
You visited 1 branch of the dungeon, and saw 4 of its levels.

You collected 145 gold pieces.

Inventory:

Missiles
 a - 12 arrows
Armour
 b - a +0 robe (melded)
 v - a +1 helmet (melded)
Jewellery
 h - an uncursed ring of protection from fire {unknown}
 p - an uncursed ring of sustain attributes {unknown}
 q - a +2 ring of intelligence {unknown}
Scrolls
 e - a scroll of teleportation {unknown}
 f - 2 scrolls of enchant armour {unknown}
 j - 2 scrolls of identify {unknown}
 l - a scroll of magic mapping {unknown}
 m - 3 scrolls of amnesia {unknown}
 n - a scroll of enchant weapon {unknown}
 o - 3 scrolls of remove curse
 x - a scroll of immolation {unknown}
 y - a scroll of blinking {unknown}
Potions
 i - a potion of magic
 k - a potion of degeneration {unknown}
 r - a potion of heal wounds {unknown}
 s - 2 potions of flight {unknown}
 t - 2 potions of haste {unknown}
 u - a potion of brilliance {unknown}
Books
 c - a book of Changes

   Spells                             Type                      Level
   a - Beastly Appendage              Transmutation                1
   b - Sticks to Snakes               Transmutation                2
   c - Spider Form                    Transmutation/Poison         3
   d - Ice Form                       Ice/Transmutation            4
   e - Blade Hands                    Transmutation                5
Comestibles
 d - a bread ration
 g - 2 meat rations


   Skills:
 - Level 0.8 Fighting
 - Level 1.7 Dodging
 + Level 4.3 Unarmed Combat
 - Level 1.7 Spellcasting
 * Level 5.0 Transmutations
 - Level 2.0 Poison Magic


You had 4 spell levels left.
You knew the following spells:

 Your Spells              Type           Power        Failure   Level  Hunger
a - Beastly Appendage     Trmt           ###...       8%          1    #......
b - Spider Form           Trmt/Pois      ###.......   32%         3    ###....


Dungeon Overview and Level Annotations

Branches:
Dungeon (4/15)
 Temple: D:4-7

Shops:
D:4 [(

Annotations:
D:3 Gianozzolo's ghost, amateur DrTm; Grinder


Innate Abilities, Weirdness & Mutations

You have an increased reservoir of magic (+10% MP).
Your attributes are resistant to harm.


Message History

The orc priest is severely wounded.
The orc priest hits you with a whip. The orc hits you with a trident!
* * * LOW HITPOINT WARNING * * *
You are too injured to fight recklessly!
You are too injured to fight recklessly!
You hit the orc priest.
You kill the orc priest!
Your Transmutations skill increases to level 5!
You hit something. The orc completely misses you. The orc closely misses you.
You hit something. Something hits you.
* * * LOW HITPOINT WARNING * * *
The orc closely misses you.
You hit the orc but do no damage.
The orc is poisoned.
The orc misses you.
You hit the orc.
The orc is heavily wounded.
You kill the orc!
The orc completely misses you.
A magic dart appears from out of thin air!
The magic dart hits you!
You die...

#...##.####.#
#...##.####.#
...####
#...###.....##
......# #####
#......#
......#
#......##
.....#
#.......#
.....#
#.......##
....#
#######..##o..#
##.s){.#
#######


You could see an orc.

Vanquished Creatures
  An ogre (D:4)
  Blork the orc (D:4)
  A giant frog zombie (D:4)
  2 orc priests
  A hound (D:4)
  2 worker ants (D:4)
  An orc wizard (D:4)
  4 adders
  An ooze (D:1)
  2 dart slugs (D:1)
  2 orcs
  7 bats
  3 giant cockroaches
  6 goblins
  7 hobgoblins
  A jackal (D:2)
  A quokka (D:2)
  2 giant newts
  7 kobolds
  6 rats
58 creatures vanquished.

Notes
Turn   | Place    | Note
--------------------------------------------------------------
     0 | D:1      | Gianozzolo the Demigod Transmuter began the quest for the Orb.
     0 | D:1      | Reached XP level 1. HP: 15/15 MP: 5/5
    48 | D:1      | Reached skill level 2 in Transmutations
   148 | D:1      | Reached XP level 2. HP: 18/22 MP: 5/7
   780 | D:2      | Reached XP level 3. HP: 6/27 MP: 6/8
   854 | D:2      | Reached skill level 3 in Transmutations
   978 | D:2      | Learned a level 3 spell: Spider Form
  1617 | D:3      | Reached XP level 4. HP: 34/34 MP: 3/9
  1639 | D:3      | Noticed Gianozzolo's ghost (amateur DrTm)
  1970 | D:3      | Found an ancient bone altar of Kikubaaqudgha.
  2387 | D:3      | Noticed Grinder
  2514 | D:4      | Found Acegov's Weapon Boutique.
  2549 | D:4      | Reached skill level 1 in Poison Magic
  2610 | D:4      | Noticed an ogre
  2618 | D:4      | Killed an ogre
  2618 | D:4      | Reached skill level 4 in Transmutations
  2618 | D:4      | Reached XP level 5. HP: 27/39 MP: 5/10
  2866 | D:4      | Noticed Blork the orc
  2885 | D:4      | Killed Blork the orc
  2885 | D:4      | Reached XP level 6. HP: 34/46 MP: 8/11
  2899 | D:4      | Found Penuskuj's Antique Armour Shop.
  2944 | D:4      | Reached skill level 5 in Transmutations
  2949 | D:4      | Killed from afar by an orc wizard

Skill      XL: |  1  2  3  4  5  6 |
---------------+-------------------+-----
Transmutations | 2 3 4 5 |  5.0
Unarmed Combat | 3 4 |  4.3
Poison Magic   | 1 2 |  2.0
Fighting       | |  0.8
Dodging        | |  1.7
Spellcasting   | |  1.7

Action                   |  1- 3 |  4- 6 || total
-------------------------+-------+-------++-------
Melee: Unarmed           |   137 |    80 ||   217
       Kick              |    12 |     4 ||    16
       Headbutt          |     6 |     2 ||     8
       Punch             |     1 |       ||     1
 Cast: Beastly Appendage |    25 |     3 ||    28
       Spider Form       |     4 |     7 ||    11
  Use: Potion            |     3 |       ||     3
       Scroll            |       |     1 ||     1
 Stab: Sleeping          |     2 |       ||     2
  Eat: Chunk             |     3 |     6 ||     9
Armor: Robe              |    27 |     7 ||    34
       Skin              |     1 |     3 ||     4
Dodge: Dodged            |    98 |    51 ||   149
